 Dungeon Crawl Stone Soup version 0.31-a0-506-g3d79149578 (webtiles) character file.

Game seed: 8635805902170254849

323 Ethylacetat the Ducker (level 6, -5/43 HPs)
             Began as an Octopode Gladiator on Aug 9, 2023.
             Slain by Grinder (8 damage)
             ... on level 3 of the Dungeon.
             The game lasted 00:02:40 (2405 turns).

Ethylacetat the Ducker (Octopode Gladiator)         Turns: 2405, Time: 00:02:41

Health: -5/43      AC:  1    Str: 13    XL:     6   Next: 47%
Magic:  15/15      EV: 16    Int: 10    God:
Gold:   106        SH:  0    Dex: 22    Spells: 5/5 levels left

rFire   . . .        a - +0 long sword
rCold   . . .        (no shield)
rNeg    . . .        b - +0 hat
rPois   .            (no amulet)
rElec   .            g - ring of magical power
rCorr   .            k - +6 ring of dexterity
SInv    .            (no ring)
Will    .....        (no ring)
Stlth   ++++         (no ring)
HPRegen 0.27/turn    (no ring)
MPRegen 0.14/turn    (no ring)
                     (no ring)

%: no passive effects
@: no status effects
A: almost no armour, amphibious, 8 rings, camouflage 1, gelatinous body 1,
(nimble swimmer 1), tentacles
a: no special abilities


You were on level 3 of the Dungeon.
You visited 1 branch of the dungeon, and saw 3 of its levels.

You collected 151 gold pieces.
You spent 45 gold pieces at shops.

Inventory:

Hand Weapons
 a - a +0 long sword (weapon)
Missiles
 c - 3 throwing nets (quivered)
 d - a javelin
Armour
 b - a +0 hat (worn)
Jewellery
 g - a ring of magical power (left tentacle)
 k - a +6 ring of dexterity (right tentacle)
Scrolls
 e - 3 scrolls of blinking {unknown}
 f - 5 scrolls of teleportation {unknown}
 h - a scroll of amnesia {unknown}
 i - a scroll of fog {unknown}
 m - 2 scrolls of poison {unknown}
 q - a scroll of identify {unknown}
 r - 2 scrolls of noise {unknown}
 s - a scroll of fear {unknown}
Potions
 j - a potion of cancellation {unknown}
 l - 2 potions of curing {unknown}
 n - a potion of haste {unknown}
 o - a potion of enlightenment {unknown}
 p - a potion of heal wounds {unknown}
 t - a potion of ambrosia {unknown}


   Skills:
 + Level 3.6 Fighting
 + Level 4.3 Long Blades
 - Level 2.0 Throwing
 + Level 4.4 Dodging
 + Level 4.1 Stealth


You had 5 spell levels left.
You didn't know any spells.
Your spell library contained the following spells:

 Spells                   Type           Power      Damage    Failure   Level
 Cigotuvi's Dreadful Rot  Necr/Pois/Air  0%         N/A       50%         2
 Ignite Poison            Fire/Tmut/Pois 0%         N/A       75%         3
 Freezing Cloud           Conj/Ice/Air   0%         6-21      100%        5


Dungeon Overview and Level Annotations

Branches:
Dungeon (3/15)

Altars:

Shops:
D:3 [*

Annotations:
D:3 Grinder


Innate Abilities, Weirdness & Mutations

You cannot wear most types of armour.
You are amphibious.
You can wear up to eight rings at the same time.
Your skin changes colour to match your surroundings (Stealth+).
Your rubbery body absorbs attacks. (AC +1, EV +1)
((You are camouflaged when in or above water. (Stealth+)))
You have tentacles for arms and can constrict up to eight enemies at once.


Message History

Grinder hits you.
You writhe in agony.
You slash Grinder!
Grinder is lightly wounded.
You constrict Grinder. Grinder gestures at you. Pain shoots through your body!
Grinder gestures at you.
You suddenly lose the ability to move!
You lose your grip on Grinder.
Grinder gestures at you. Pain shoots through your body!
Grinder gestures at you.
You shrug off the repeated paralysis!
Grinder gestures at you. Pain shoots through your body!
You can move again.
You slash Grinder! You grab Grinder. You squeeze Grinder.
Grinder is heavily wounded.
You constrict Grinder. Grinder gestures at you.
You resist with significant effort.
You barely miss Grinder.
Grinder is heavily wounded.
You constrict Grinder. Grinder hits you.
You writhe in agony.
You hit Grinder but do no damage.
Grinder is severely wounded.
You constrict Grinder.
Grinder says, "Wait up."
Grinder hits you!
* * * LOW HITPOINT WARNING * * *
You writhe in agony.
* * * LOW HITPOINT WARNING * * *
Throw: 3 throwing nets
Press: ? - help, Q - select action, (/) - cycle Shift-Dir - straight line, f - Grinder
Aim: Grinder (severely wounded, constricted by you, 87% to hit)
Okay, then.
You hit Grinder. You squeeze Grinder, but do no damage.
Grinder is almost dead.
You constrict Grinder, but do no damage.
Grinder hits you!
You die...

. ......†.....# ###.#
####......#
#.#.###.#........#.##
........##.##.......#
........##..........#
#.......#####.#.###.#
#.......# #.#.# #.#
#.......# #.#5###.##
........# #?..@....#
........# #...####.#
........#####........#
..######≈≈≈##..#####.#
#.# #≈∩≈##..#####.#
#..# #≈.≈##......#.#
##..####≈.≈##.####.#.#
###..#..≈.≈..........
..##.#..≈.≈...####.##


You could see Grinder.

Vanquished Creatures
  A black bear (D:3)
  Crazy Yiuf (D:2)
  Jessica (D:2)
  Natasha (twice) (D:2)
  3 gnolls (D:2)
  2 adders (D:2)
  2 worms (D:2)
  3 dart slugs
  5 orcs (D:3)
  A bat (D:1)
  5 endoplasms
  5 giant cockroaches
  3 goblins
  7 hobgoblins
  6 jackals (D:1)
  3 kobolds
  5 quokkas
  6 ball pythons
  2 frilled lizards
  6 rats
69 creatures vanquished.

Notes
Turn   | Place    | Note
-------+----------+-------------------------------------------
     0 | D:1      | Ethylacetat the Octopode Gladiator began the quest for the
                  | Orb.
     0 | D:1      | Reached XP level 1. HP: 14/14 MP: 1/1
    56 | D:1      | Reached skill level 1 in Stealth
    56 | D:1      | Reached XP level 2. HP: 19/19 MP: 2/2
   386 | D:1      | Reached XP level 3. HP: 16/25 MP: 3/3
   950 | D:2      | Noticed Natasha
   954 | D:2      | Killed Natasha
   955 | D:2      | Reached XP level 4. HP: 30/30 MP: 4/4
  1011 | D:2      | Noticed an eye of devastation
  1016 | D:2      | Noticed a shining eye
  1016 | D:2      | Noticed Jessica
  1018 | D:2      | Found a faded altar of an unknown god.
  1022 | D:2      | Noticed a shining eye
  1028 | D:2      | Killed Jessica
  1042 | D:2      | Noticed a shining eye
  1057 | D:2      | Reached XP level 5. HP: 16/36 MP: 5/5
  1316 | D:2      | Noticed Natasha
  1325 | D:2      | Killed Natasha
  1416 | D:2      | Found a runed translucent door.
  1417 | D:2      | Noticed Crazy Yiuf
  1805 | D:2      | Killed Crazy Yiuf
  1992 | D:3      | Noticed a black bear
  2012 | D:3      | Killed a black bear
  2013 | D:3      | Reached XP level 6. HP: 20/42 MP: 6/6
  2328 | D:3      | Found Bovet's Antique Armour Shoppe.
  2351 | D:3      | Found Hienyps's Assorted Antiques.
  2358 | D:3      | Bought a scroll labelled EGATOCROUDD for 15 gold pieces
  2358 | D:3      | Bought a scroll labelled EGATOCROUDD for 15 gold pieces
  2358 | D:3      | Bought a scroll labelled VISEOROUVE for 15 gold pieces
  2367 | D:3      | Noticed Grinder
  2398 | D:3      | Paralysed by Grinder for 4 turns
  2405 | D:3      | Slain by Grinder

Illustrated notes

Levels and vault maps discovered:
D:1:      matt_arrival_los_fun, layout_basic
D:2:      layout_loops_corners, hellmonk_ecumenical_altar_watching_god,
          grunt_ministairs_2, hangedman_abyss_or_decor_stabs, uniq_jessica,
          uniq_crazy_yiuf_cottage, uniq_natasha
D:3:      layout_basic, serial_shops, nicolae_shop_peninsula,
          nicolae_shop_peninsula, uniq_grinder

Skill      XL: |  1  2  3  4  5 |
---------------+----------------+-----
Stealth        | 1 2 4 |  4.1
Fighting       | 3 |  3.6
Dodging        | 4 |  4.4
Long Blades    | 4 |  4.3
Throwing       | |  2.0

Action                     |  1- 3 |  4- 6 || total
---------------------------+-------+-------++-------
  Melee: Long sword        |    54 |    82 ||   136
         Constrict         |    13 |    21 ||    34
         Tentacles         |     8 |    20 ||    28
  Throw: Throwing net      |       |     1 ||     1
   Stab: Sleeping          |    10 |    11 ||    21
 Armour: Skin              |     3 |     4 ||     7
  Dodge: Dodged            |    28 |    51 ||    79

Table legend: (Time is in decaauts)
 A = Elapsed time spent in this place.
 B = Non-inter-level travel time spent in this place.
 C = Inter-level travel time spent in this place.
 D = Time resting spent in this place.
 E = Time spent auto-exploring this place.
 F = Levels seen in this place.
 G = Mean time per level.
                   A        B        C        D        E       F      G
               +--------+--------+--------+--------+--------+-----+--------+
         Total |   2433 |   2389 |     44 |      0 |   1930 |   3 |  811.0 |
       Dungeon |   2433 |   2389 |     44 |      0 |   1930 |   3 |  811.0 |
               +--------+--------+--------+--------+--------+-----+--------+

Top non-repeatable levels by time:
     D:2: 1228 daAuts
     D:1: 753 daAuts
     D:3: 451 daAuts
